 Dungeon Crawl Stone Soup version 0.18-a0-1203-gbde16db (webtiles) character file.

174 Duffy the Slasher (level 5, -1/45 HPs)
             Began as a Minotaur Fighter on Feb 1, 2016.
             Slain by Uberwunderbarhen's ghost (2 damage)
             ... on level 5 of the Dungeon.
             The game lasted 00:01:15 (1334 turns).

Duffy the Slasher (Minotaur Fighter)                Turns: 1334, Time: 00:01:16

Health: -1/45      AC:  6    Str: 21    XL:     5   Next: 28%
Magic:  4/4        EV:  7    Int:  5    God:
Gold:   41         SH:  9    Dex: 10    Spells: 0 memorised, 4 levels left

rFire  . . .     SeeInvis .     a - +0 long sword
rCold  . . .     Gourm    .     b - +0 scale mail
rNeg   . . .     Faith    .     c - +0 shield
rPois  .         Spirit   .     (helmet restricted)
rElec  .         Dismiss  .     (no cloak)
rCorr  .         Reflect  .     (no gloves)
SustAt .         Harm     .     (no boots)
MR     .....                    (no amulet)
Stlth  ..........               (no ring)
                                (no ring)

@: not resistant to hostile enchantments, extremely unstealthy
A: retaliatory headbutt, horns 2
a: no special abilities


You were on level 5 of the Dungeon.
You were near starving.

You visited 2 branches of the dungeon, and saw 6 of its levels.

You collected 41 gold pieces.


Innate Abilities, Weirdness & Mutations

You reflexively headbutt those who attack you in melee.
You have a pair of horns on your head.


   Skills:
 - Level 3.6 Fighting
 + Level 6.7 Long Blades
 - Level 3.6 Armour
 - Level 3.6 Shields


You had 4 spell levels left.
You didn't know any spells.

Inventory:

Hand Weapons
 a - a +0 long sword (weapon)
Missiles
 k - 18 poisoned needles
Armour
 b - a +0 scale mail (worn)
 c - a +0 shield (worn)
 l - a cursed +0 pair of boots
Scrolls
 g - 2 scrolls of identify {unknown}
 h - a scroll of magic mapping {unknown}
 j - a scroll of enchant weapon {unknown}
Potions
 d - a potion of might
 e - a potion of haste {unknown}
Comestibles
 f - a bread ration
 i - a meat ration

Dungeon Overview and Level Annotations

Branches:
Dungeon (5/15)             Temple (1/1) D:5

Altars:
Ashenzari
Dithmenos
Fedhas
Gozag
Makhleb
Okawaru
Pakellas
Sif Muna
Trog
Xom
Zin
The Shining One

Annotations:
D:5 Uberwunderbarhen's ghost, novice OpTm


Message History

You miss Uberwunderbarhen's ghost.
Your headbutt misses Uberwunderbarhen's ghost.
Uberwunderbarhen's ghost hits you.
You are too injured to fight recklessly!
You are too injured to fight recklessly!
You are too injured to fight recklessly!
You are too injured to fight recklessly!
You are too injured to fight recklessly!
You are too injured to fight recklessly!
You are too injured to fight recklessly!
You are too injured to fight recklessly!
You are too injured to fight recklessly!
You are too injured to fight recklessly!
You are too injured to fight recklessly!
You closely miss Uberwunderbarhen's ghost.
Uberwunderbarhen's ghost hits you.
Your shield and scale mail prevent you from hitting Uberwunderbarhen's ghost.
Your headbutt misses Uberwunderbarhen's ghost.
Uberwunderbarhen's ghost barely misses you.
You furiously retaliate!
You headbutt Uberwunderbarhen's ghost.
You barely miss Uberwunderbarhen's ghost.
Uberwunderbarhen's ghost is lightly damaged.
Uberwunderbarhen's ghost hits you. x2
You miss Uberwunderbarhen's ghost.
Uberwunderbarhen's ghost is lightly damaged.
Uberwunderbarhen's ghost hits you!
You closely miss Uberwunderbarhen's ghost.
Uberwunderbarhen's ghost is lightly damaged.
You are near starving!
Uberwunderbarhen's ghost hits you.
You miss Uberwunderbarhen's ghost.
Uberwunderbarhen's ghost is lightly damaged.
Uberwunderbarhen's ghost ducks and says, "Too high!"
Uberwunderbarhen's ghost hits you.
You die...

######### #.......#
#.......##......77
+...@...+........7
#....W..#......._7
#.......##.......7
####'#####......7
##########..#
..W...7#
...........##
#.....# ...###.####
#....# #.# ##..<##
#.##########.#.#.#.


You could see Uberwunderbarhen's ghost.

Action                   |  1- 3 |  4- 6 || total
-------------------------+-------+-------++-------
Melee: Long sword        |    68 |    31 ||    99

Notes
Turn   | Place    | Note
--------------------------------------------------------------
     0 | D:1      | Duffy the Minotaur Fighter began the quest for the Orb.
     0 | D:1      | Reached XP level 1. HP: 19/19 MP: 0/0
    69 | D:2      | Reached skill level 3 in Long Blades
    78 | D:2      | Reached XP level 2. HP: 10/26 MP: 1/1
   419 | D:2      | Reached skill level 4 in Long Blades
   632 | D:2      | Reached XP level 3. HP: 31/31 MP: 2/2
   803 | D:4      | Reached skill level 5 in Long Blades
   803 | D:4      | Reached XP level 4. HP: 31/39 MP: 3/3
   881 | D:5      | Entered Level 5 of the Dungeon
   881 | D:5      | Found a glowing silver altar of Zin.
   881 | D:5      | Noticed an ogre
   882 | D:5      | Noticed Uberwunderbarhen's ghost (novice OpTm)
   898 | D:5      | Killed an ogre
   898 | D:5      | Reached skill level 6 in Long Blades
   898 | D:5      | Reached XP level 5. HP: 30/45 MP: 4/4
   905 | D:5      | Found a staircase to the Ecumenical Temple.
   911 | Temple   | Entered the Ecumenical Temple
  1334 | D:5      | Slain by Uberwunderbarhen's ghost

Vault maps used:
D:1:      saegor_arrival_miasma
D:2:      first_bread
D:3:      fiery_altar_vehumet, grunt_qazlal_clouds
D:4:      serial_undead, serial_undead_b, serial_undead_c, serial_undead_f,
          serial_undead_c, serial_bayou_ford_a
D:5:      zin_academy, marbit_many_paths, temple_green, minivault_4
Temple:   triangle_lava_temple_11

Vanquished Creatures
  An ogre
  A centaur zombie
  A worker ant zombie
  An adder
  An ooze
  An adder zombie
  An adder skeleton
  A worm
  A giant gecko
  A bat
  2 giant cockroaches
  3 goblins
  2 hobgoblins
  3 jackals
  A giant newt
  3 kobolds
  4 rats
28 creatures vanquished.
